 Dungeon Crawl Stone Soup version 0.30.2 (webtiles) character file.

Game seed: 17314859819180208025

106 Ashen the Ogre Mage (level 4, -2/42 HPs)
             Began as an Ogre Hedge Wizard on Jan 22, 2024.
             Slain by a sky beast (6 damage)
             ... on level 3 of the Dungeon.
             The game lasted 00:10:07 (2988 turns).

Ashen the Ogre Mage (Ogre Hedge Wizard)             Turns: 2988, Time: 00:10:07

Health: -2/42      AC:  3    Str: 14    XL:     4   Next: 84%
Magic:  9/10       EV: 10    Int: 17    God:
Gold:   117        SH:  0    Dex:  8    Spells: 1/11 levels left

rFire   . . .        m - +0 club
rCold   . . .        (no shield)
rNeg    . . .        b - +0 robe
rPois   .            c - +0 hat
rElec   .            (no cloak)
rCorr   .            (gloves unavailable)
SInv    .            (boots unavailable)
Will    .....        (no amulet)
Stlth   ++           (no ring)
HPRegen 0.27/turn    (no ring)
MPRegen 0.12/turn

%: no passive effects
@: no status effects
A: large, unfitting armour, tough skin 1
a: no special abilities


You were on level 3 of the Dungeon.
You visited 1 branch of the dungeon, and saw 3 of its levels.

You collected 117 gold pieces.

Inventory:

Hand Weapons
 a - a +0 dagger
 m - a +0 club (weapon)
Armour
 b - a +0 robe (worn)
 c - a +0 hat (worn)
Scrolls
 e - 3 scrolls of identify {unknown}
 h - a scroll of teleportation {unknown}
 j - a scroll of enchant weapon {unknown}
Potions
 f - 2 potions of mutation {unknown}
 g - a potion of lignification {unknown}
 i - 2 potions of heal wounds {unknown}
 k - 3 potions of curing {unknown}
 l - a potion of attraction {unknown}


   Skills:
 + Level 1.6 Fighting
 + Level 0.1 Maces & Flails
 + Level 2.4 Dodging
 + Level 1.9 Stealth
 * Level 4.3 Spellcasting
 * Level 2.1 Conjurations
 - Level 1.0 Summonings
 - Level 1.0 Translocations


You had one spell level left.
You knew the following spells:

 Your Spells              Type           Power      Damage    Failure   Level
a - Magic Dart            Conj           40%        1d5       6%          1
b - Blink                 Tloc           14%        N/A       16%         2
c - Call Imp              Summ           14%        N/A       16%         2
d - Cigotuvi's Dreadful   Necr/Pois/Air  6%         N/A       22%         2
e - Mephitic Cloud        Conj/Pois/Air  6%         N/A       34%         3

Your spell library contained the following spells:

 Spells                   Type           Power      Damage    Failure   Level
 Apportation              Tloc           14%        N/A       10%         1
 Summon Small Mammal      Summ           28%        N/A       10%         1
 Necrotise                Necr           12%        1d4       16%         1
 Slow                     Hex            12%        N/A       16%         1
 Dazzling Flash           Conj/Hex       14%        N/A       30%         3
 Volatile Blastmotes      Fire/Tloc      10%        2d10      36%         3
 Vampiric Draining        Necr           3%         2d6       41%         3
 Iskenderun's Mystic Bla  Conj/Tloc      9%         2d4       63%         4
 Agony                    Necr           3%         N/A       99%         5
 Starburst                Conj/Fire      3%         6d3       100%        6


Dungeon Overview and Level Annotations

Branches:
Dungeon (3/15)

Altars:


Innate Abilities, Weirdness & Mutations

You are too large for most types of armour.
You have tough skin. (AC +1)


Message History

Aiming: Magic Dart (safe; 6% risk of failure)
Press: ? - help, Shift-Dir - straight line, f/p - sky beast
Aim: a sky beast (moderately wounded, 100% to hit)
The magic dart hits the sky beast.
The sky beast is heavily wounded.
The sky beast hits you. The sky beast shocks you.
Casting: Magic Dart (safe; 6% risk of failure)
Confirm with . or Enter, or press ? or * to list all spells.
Aiming: Magic Dart (safe; 6% risk of failure)
Press: ? - help, Shift-Dir - straight line, f/p - sky beast
Aim: a sky beast (heavily wounded, 100% to hit)
The magic dart hits the sky beast.
The sky beast is severely wounded.
The sky beast hits you but does no damage.
Casting: Magic Dart (safe; 6% risk of failure)
Confirm with . or Enter, or press ? or * to list all spells.
You don't have enough magic to cast this spell.
Unknown command.
You hit the sky beast.
The sky beast is severely wounded.
The sky beast flickers out of sight!
Deactivating autopickup; reactivate with Ctrl-A.
Something hits you. Something shocks you.
You miss something. Something hits you. Something shocks you.
You miss something. Something hits you but does no damage.
Something completely misses you.
You hit something but do no damage. Something hits you. Something shocks you.
You miss something. Something hits you.
* * * LOW HITPOINT WARNING * * *
Something shocks you.
* * * LOW HITPOINT WARNING * * *
Magic courses through your body. Something hits you but does no damage.
Casting: Magic Dart (safe; 6% risk of failure)
Confirm with . or Enter, or press ? or * to list all spells.
Aiming: Magic Dart (safe; 6% risk of failure)
Press: ? - help, Shift-Dir - straight line The magic dart hits something.
Something hits you.
* * * LOW HITPOINT WARNING * * *
Something shocks you.
You die...

# ###....# # ###..# #
##)~.#
#################....#
####...###...####..###
###....###....###..#
###....###....###..#
##..#...#...#..##{.#
.#..##.....##..#@.##
....###...###)...##
#...###...###...##
#######...#######
#######


There were no monsters in sight!

Vanquished Creatures
  4 adders
  A worm (D:3)
  A dart slug (D:1)
  7 endoplasms
  A giant cockroach (D:3)
  8 goblins
  7 hobgoblins
  2 jackals (D:1)
  4 kobolds
  3 quokkas
  8 ball pythons
  7 bats
  2 frilled lizards
  7 rats
62 creatures vanquished.

Notes
Turn   | Place    | Note
-------+----------+-------------------------------------------
     0 | D:1      | Ashen the Ogre Hedge Wizard began the quest for the Orb.
     0 | D:1      | Reached XP level 1. HP: 16/16 MP: 5/5
    77 | D:1      | Reached skill level 1 in Conjurations
    78 | D:1      | Reached skill level 1 in Translocations
   118 | D:1      | Reached skill level 1 in Summonings
   123 | D:1      | Reached XP level 2. HP: 10/24 MP: 0/6
   126 | D:1      | Learned a level 2 spell: Blink
   140 | D:1      | Learned a level 2 spell: Call Imp
   143 | D:1      | Learned a level 2 spell: Cigotuvi's Dreadful Rot
   272 | D:1      | Found a faded altar of an unknown god.
   633 | D:1      | Reached skill level 1 in Fighting
   633 | D:1      | Reached skill level 4 in Spellcasting
   633 | D:1      | Reached XP level 3. HP: 33/33 MP: 0/8
   776 | D:1      | Learned a level 3 spell: Mephitic Cloud
  1663 | D:2      | Reached XP level 4. HP: 39/39 MP: 2/10
  2775 | D:3      | Noticed a sky beast
  2988 | D:3      | Slain by a sky beast

Illustrated notes

Levels and vault maps discovered:
D:1:      dpeg_arrival_tiny_a, layout_rooms,
          shapermc_ecumenical_altar_mp_urbaneastern
D:2:      layout_loops_ring, kennysheep_generic_room_14
D:3:      wad_lake_hut, layout_rooms, nicolae_qazlal_general_emergency,
          okawaru_altar_gauntlet_db, st_stairs_10, minmay_crystal_room,
          minmay_misc_feat_ornament, hangedman_glass_teeth,
          hangedman_decor_clover_reticule, minmay_circle_x

Skill      XL: |  1  2  3  4 |
---------------+-------------+-----
Conjurations   | 1 2 |  2.1
Translocations | 1 |  1.0
Summonings     | 1 |  1.0
Dodging        | 2 |  2.4
Fighting       | 1 |  1.6
Spellcasting   | 4 |  4.3
Maces & Flails | |  0.1
Stealth        | |  1.9

Action                     |  1- 3 |  4- 6 || total
---------------------------+-------+-------++-------
  Melee: Dagger            |    76 |     4 ||    80
         Punch             |     1 |     1 ||     2
         Club              |       |    69 ||    69
   Cast: Magic Dart        |    76 |    60 ||   136
         Cigotuvi's Dreadf |     2 |       ||     2
         Mephitic Cloud    |       |     1 ||     1
    Use: Potion            |       |     1 ||     1
   Stab: Sleeping          |     2 |     2 ||     4
 Armour: Robe              |    26 |    36 ||    62
  Dodge: Dodged            |    53 |    57 ||   110
